Map: Interloper LE

Players

Yata

  • Race: Zerg Zerg
  • League: Platinum
  • Spawn Location: 5:00

A.I. 1 (Elite) - Winner!

  • Race: Protoss Protoss
  • Spawn Location: 11:00

VOD

Have the link to the VOD?

Description

Time

  • Played on: Oct. 7, 2017, 7:05 p.m.
  • Length: 7:47
Show
View Real Time Build Order
Export as new Build Order

Yata Zerg 

Build Orders: Hatch First 

Get SALT Encoding   

  12  0:01  Drone  
  13  0:12  Overlord  
  13  0:23  Drone  
  14  0:31  Drone x2  
  14  0:35  Drone  
  17  0:55  Drone  
  17  0:56  Hatchery  
  17  0:59  Drone  
  18  1:09  Extractor  
  17  1:15  Spawning Pool  
  17  1:18  Drone  
  17  1:21  Drone  
  18  1:28  Drone  
  19  1:40  Overlord  
  19  1:54  Drone  
  20  2:03  Queen  
  20  2:07  Queen  
  24  2:08  Zergling x2  
  24  2:09  Zergling x2  
  24  2:11  Drone  
  27  2:16  Metabolic Boost  
  27  2:19  Drone  
  28  2:27  Evolution Chamber  
  27  2:34  Drone x2  
  27  2:35  Baneling Nest  
  27  2:36  Drone  
  29  2:46  Drone  
  29  2:47  Overlord  
  30  3:01  Drone x2  
  30  3:04  Drone  
  33  3:11  Zerg Melee Weapons Level 1  
  33  3:17  Drone x7  
  33  3:19  Drone  
  41  3:40  Hatchery  
  40  3:49  Extractor, Drone x3  
  40  3:51  Drone x2  
  44  3:57  Pneumatized Carapace  
  44  4:04  Overlord  
  44  4:05  Overlord x2  
  44  4:21  Extractor, Drone  
  44  4:22  Queen  
  44  4:24  Drone x2  
  47  4:27  Zergling x8  
  52  4:51  Drone x8  
  60  4:54  Drone, Queen  
  63  5:04  Zergling x2  
  63  5:05  Zergling x8  
  68  5:08  Baneling x3  
  68  5:09  Baneling  
  68  5:13  Queen  
  70  5:16  Zergling x6  
  73  5:21  Baneling  
  73  5:22  Baneling x3  
  73  5:29  Lair  
  73  5:31  Extractor  
  72  5:38  Drone x2  
  74  5:43  Overlord  
  74  5:44  Overlord x2  
  74  6:17  Drone x3  
  75  6:28  Zergling x2  
  75  6:29  Zergling x26  
  89  6:39  Hydralisk Den  
  88  7:11  Extractor  
  87  7:24  Baneling x4  
Show
View Real Time Build Order
Export as new Build Order

A.I. 1 (Elite) Protoss - Winner!

Build Orders: Zealot Archon 

Get SALT Encoding   

  12  0:01  Probe (Chrono Boost)  
  13  0:11  Probe (Chrono Boost)  
  14  0:20  Pylon  
  14  0:22  Probe (Chrono Boost)  
  15  0:38  Probe (Chrono Boost)  
  16  0:47  Assimilator  
  16  0:49  Probe (Chrono Boost)  
  17  0:50  Gateway  
  17  0:59  Pylon, Probe (Chrono Boost)  
  18  1:10  Probe (Chrono Boost)  
  19  1:20  Probe (Chrono Boost)  
  20  1:31  Probe (Chrono Boost)  
  21  1:38  Zealot  
  21  1:42  Cybernetics Core, Probe (Chrono Boost)  
  24  1:54  Probe (Chrono Boost)  
  25  2:02  Nexus  
  25  2:15  Gateway  
  25  2:21  Pylon  
  25  2:23  Zealot  
  25  2:24  Warp Gate  
  25  2:29  Probe (Chrono Boost)  
  28  2:40  Assimilator  
  28  2:41  Probe (Chrono Boost)  
  29  2:50  Adept  
  30  2:53  Probe (Chrono Boost)  
  31  3:01  Adept  
  31  3:04  Probe (Chrono Boost)  
  34  3:08  Pylon  
  34  3:15  Probe x2 (Chrono Boost)  
  34  3:16  Stalker  
  38  3:26  Stalker  
  38  3:32  Probe (Chrono Boost)  
  41  3:40  Gateway  
  42  3:41  Probe (Chrono Boost)  
  42  3:46  Stalker  
  44  3:50  Probe (Chrono Boost)  
  44  3:54  Stalker  
  45  3:59  Probe (Chrono Boost)  
  45  4:02  Probe (Chrono Boost)  
  50  4:10  Probe (Chrono Boost)  
  50  4:13  Stalker  
  50  4:14  Probe (Chrono Boost)  
  53  4:21  Stalker, Probe (Chrono Boost)  
  56  4:26  Probe (Chrono Boost)  
  57  4:33  Probe (Chrono Boost)  
  57  4:34  Stalker  
  57  4:37  Probe (Chrono Boost)  
  57  4:38  Pylon  
  61  4:41  Pylon  
  61  4:45  Probe (Chrono Boost)  
  62  4:56  Stalker x2  
  62  4:57  Probe x2 (Chrono Boost)  
  62  4:59  Stalker  
  70  5:04  Pylon  
  70  5:08  Probe (Chrono Boost)  
  70  5:09  Probe (Chrono Boost)  
  72  5:15  Pylon  
  72  5:18  Stalker x2  
  72  5:19  Probe (Chrono Boost)  
  72  5:21  Probe (Chrono Boost)  
  78  5:22  Stalker  
  80  5:30  Pylon  
  80  5:31  Probe (Chrono Boost)  
  80  5:32  Probe (Chrono Boost)  
  82  5:40  Stalker x2  
  88  5:42  Probe (Chrono Boost)  
  88  5:43  Probe (Chrono Boost)  
  88  5:44  Stalker  
  88  5:49  Twilight Council  
  90  5:54  Probe (Chrono Boost)  
  91  6:00  Pylon  
  91  6:02  Zealot, Sentry  
  94  6:05  Assimilator  
  94  6:10  Assimilator  
  94  6:16  Probe (Chrono Boost)  
  92  6:28  Templar Archives, Probe (Chrono Boost)  
  94  6:33  Probe (Chrono Boost)  
  94  6:34  Pylon  
  94  6:39  Probe (Chrono Boost)  
  95  6:41  Zealot  
  95  6:45  Forge  
  97  6:51  Forge, Nexus  
  97  7:04  High Templar, Sentry  
  97  7:07  High Templar  
  103  7:12  Pylon  
  103  7:15  Robotics Facility  
  103  7:22  Archon  
  103  7:25  Zealot  
  105  7:33  High Templar, Pylon  
  107  7:41  High Templar, Gateway  
Tags
 
Composition
Zealot Archon
League
Platinum
Matchup
PvZ
Replay Pack
Pack 1
Spawn Locations
Cross Positions
Add a new tag
Caveats
  • Supply blocks, unpowered buildings, or Contaminate may cause inaccurate times.
  • Supply counts are checked every 10 seconds.